 Dungeon Crawl Stone Soup version 0.30.0-19-gbf45117a57 (webtiles) character file.

Game seed: 13135891944726926358

50472 qw the Cleaver (level 14, -3/90 HPs)
             Began as a Gargoyle Fighter on May 23, 2023.
             Was a Priest of Okawaru.
             Killed from afar by an oklob plant (21 damage)
             ... with a splash of acid
             ... on level 5 of the Lair of Beasts.
             The game lasted 00:08:20 (14994 turns).

qw the Cleaver (Gargoyle Fighter)                  Turns: 14994, Time: 00:08:21

Health: -3/90      AC: 41    Str: 24    XL:     14   Next: 55%
Magic:  20/21      EV: 14    Int: 13    God:    Okawaru [***...]
Gold:   384        SH: 18    Dex:  9    Spells: 13/13 levels left

rFire   . . .        Y - +5 war axe
rCold   . . .        q - +0 kite shield
rNeg    + + .        n - +3 plate armour
rPois   inf          (no helmet)
rElec   +            m - +2 cloak
rCorr   .            g - +2 pair of gloves
SInv    .            w - +2 pair of boots of the Aged Servitors {rElec}
Will    +....        u - amulet of reflection Stlth
                     h - ring of positive energy
HPRegen 0.35/turn    b - ring "Yfuosidek" {EV+5 Int+3}
MPRegen 0.17/turn

%: reflection
@: about to teleport, heroic, corroded, flying
A: sickness immunity, AC +10, big wings, negative energy resistance 1,
electricity resistance, torment resistance 1, petrification resistance, hooves
1, iridescent scales 2
a: Renounce Religion, Heroism


You were on level 5 of the Lair of Beasts.
You worshipped Okawaru.
Okawaru was most pleased with you.
You visited 3 branches of the dungeon, and saw 16 of its levels.

You collected 819 gold pieces.
You spent 435 gold pieces at shops.


Innate Abilities, Weirdness & Mutations

You are immune to sickness and miasma.
Your stone body is resilient. (AC +10)
You are immune to poison.
Your large and strong wings let you fly.
You resist negative energy. (rN+)
You are resistant to electric shocks. (rElec)
You are resistant to unholy torment.
You are immune to petrification.
You have large cloven feet.
You are mostly covered in iridescent scales. (AC +4)


   Skills:
 - Level 11.0(16.0) Fighting
 + Level 14.8(19.8) Axes
 - Level 3.7(8.7) Throwing
 - Level 10.0(15.0) Armour
 - Level 2.1(7.1) Dodging
 - Level 12.0(17.0) Shields
 - Level 10.0 Invocations


You had 13 spell levels left.
You didn't know any spells.
Your spell library was empty.

Inventory:

Hand Weapons
 f - a -1 demon whip of venom
 Y - a +5 war axe (weapon)
Missiles
 r - 2 boomerangs (quivered)
Armour
 g - a +2 pair of gloves (worn)
 m - a +2 cloak (worn)
 n - a +3 plate armour (worn)
 q - a +0 kite shield (worn)
 w - the +2 pair of boots of the Aged Servitors (worn) {rElec}
   (Okawaru gifted it to you on level 4 of the Lair of Beasts)

   rElec:     It insulates you from electricity.
 x - a +0 helmet
Jewellery
 b - the ring "Yfuosidek" (right hand) {EV+5 Int+3}
   (You found it on level 2 of the Dungeon)

   [ring of evasion]

   EV:        It affects your evasion (+5).
   Int:       It affects your intelligence (+3).
 h - a ring of positive energy (left hand)
 u - an amulet of reflection (around neck)
Wands
 i - a wand of digging (4)
Scrolls
 k - 9 scrolls of identify
 o - a scroll of teleportation
Potions
 a - 4 potions of haste
 c - 3 potions of lignification
 d - 6 potions of might
 e - 4 potions of curing
 j - 4 potions of mutation
 l - 3 potions of attraction
 p - 7 potions of heal wounds
 t - 2 potions of resistance
 v - 2 potions of magic

Dungeon Overview and Level Annotations

Branches:
Dungeon (10/15)            Temple (1/1) D:5            Lair (5/5) D:10
 Shoals (0/4) Lair:3       Spider (0/4) Lair:2        Slime (0/5) Lair:5
    Orc (0/2) D:9

Altars:
Ashenzari
Cheibriados
Dithmenos
Elyvilon
Fedhas
Gozag
Hepliaklqana
Kikubaaqudgha
Makhleb
Nemelex Xobeh
Okawaru
Ru
Trog
Uskayaw
Vehumet
Wu Jian
Xom
Yredelemnul
Zin
The Shining One
Jiyva

Shops:
D:5 *   D:6 *   D:10 !*!

Portals:
Bailey: D:7

Annotations:
D:3 1 runed translucent door, Crazy Yiuf
D:5 1 runed translucent door, qw's ghost, amateur GrFi
D:9 2 runed translucent doors


Message History

14818 ||| READING 4 scrolls of teleportation.
As you read the scroll of teleportation, it crumbles to dust.
You feel strangely unstable.
The snapping turtle hisses angrily.
14819 ||| INVOKING Heroism.
You gain the combat prowess of a mighty hero.
Your surroundings seem slightly different.
The snapping turtle misses you.
14822 ||| READING 3 scrolls of teleportation.
As you read the scroll of teleportation, it crumbles to dust.
You feel strangely unstable. The snapping turtle barely misses you.
You barely miss the snapping turtle. You block the snapping turtle's attack.
You hit the snapping turtle but do no damage.
You block the snapping turtle's attack.
You slash the snapping turtle!
The snapping turtle is moderately wounded.
Your surroundings suddenly seem different.
You start resting.
Magic restored.
You start resting.
You are no longer corroded.
You feel like a meek peon again.
HP restored.
14988 ||| INVOKING Heroism.
You gain the combat prowess of a mighty hero.
You can no longer speed up your combat.
The oklob plant spits acid at you. The splash of acid hits you!!
The acid corrodes you! The oklob plant spits acid at you.
The splash of acid hits you!! The oklob plant spits acid at you.
The splash of acid hits you!!
14994 ||| READING 2 scrolls of teleportation.
As you read the scroll of teleportation, it crumbles to dust.
You feel strangely unstable. The oklob plant spits acid at you.
The splash of acid hits you!!
You die...

######## ##
####......###
#.##...........###
#P...@....#......#
##..P_....###....##
#..>....####......#
##..(#####......###
#.## ##.....## ##
###......#
##.....####
#....### # #..#..#


You could see 2 oklob plants.

Vanquished Creatures
  Josephine (Lair:4)
  4 hydras
  A boulder beetle (D:9)
  A merfolk avatar (Lair:5)
  A catoblepas (Lair:4)
  A two-headed ogre (D:10)
  Erica (Lair:2)
  16 death yaks
  Amaemon (Lair:2)
  A skyshark (Lair:1)
  A sea snake (Lair:5)
  Pikel (D:9)
  A harpy (Lair:5)
  3 oklob plants (Lair:5)
  12 elephants
  2 black mambas
  5 cane toads
  An orange demon (Lair:2)
  3 rime drakes (Lair:5)
  10 komodo dragons
  A troll (D:9)
  4 polar bears
  3 hornets
  3 wind drakes (Lair:5)
  25 blink frogs
  4 snapping turtles
  3 dream sheep
  A jumping spider (Lair:2)
  5 wraiths
  39 yaks
  6 wyverns
  Eustachio (D:4)
  2 basilisks (Lair:2)
  A steam dragon (Lair:5)
  Grum (D:9)
  3 wargs (D:10)
  7 water moccasins
  4 ice beasts
  A sky beast (D:6)
  4 orc warriors
  2 black bears
  An ogre (D:7)
  8 wolves
  2 centaurs
  A phantom (D:5)
  2 lemures (D:9)
  6 bullfrogs
  A kobold brigand (D:10)
  2 gnoll sergeants (D:8)
  3 scorpions
  9 wights
  8 killer bees (D:8)
  2 electric eels (D:10)
  A vampire bat (Lair:1)
  2 howler monkeys (D:8)
  2 jellies
  4 hounds
  6 orc priests
  A sleepcap (D:4)
  Ijyb (D:3)
  Terence (D:3)
  5 iguanas
  15 orc wizards
  2 human simulacra (D:9)
  6 adders
  12 gnolls
  12 white imps (Lair:2)
  A worm (D:4)
  34 orcs
  14 bats
  8 endoplasms
  2 giant cockroaches
  20 goblins
  6 hobgoblins
  10 jackals
  4 quokkas
  3 ball pythons
  3 frilled lizards
  7 kobolds
  8 rats
422 creatures vanquished.

Notes
Turn   | Place    | Note
-------+----------+-------------------------------------------
     0 | D:1      | qw the Gargoyle Fighter began the quest for the Orb.
     0 | D:1      | Reached XP level 1. HP: 14/14 MP: 1/1
     0 | D:1      | 0 ||| qw: Version: 0.2-a-98-g5d7165a
     0 | D:1      | 0 ||| qw: Game counter: 27
     0 | D:1      | 0 ||| qw: Always use a shield: true
     0 | D:1      | 0 ||| qw: God list: Okawaru
     0 | D:1      | 0 ||| qw: Allow faded altars: false
     0 | D:1      | 0 ||| qw: Do Orc after D:15 true
     0 | D:1      | 0 ||| qw: Do second Lair branch before Depths: true
     0 | D:1      | 0 ||| qw: Lair rune preference: random
     0 | D:1      | 0 ||| qw: Plans: Normal, Zot:1-4, God:TSO, Crypt, Tomb,
                  | Pan, Slime:5, Hells, Abyss, Win
     0 | D:1      | 0 ||| PLANNING D:1-11
    70 | D:1      | Reached skill level 2 in Axes
   191 | D:1      | Reached XP level 2. HP: 19/19 MP: 2/2
   733 | D:1      | 733 ||| UPGRADING to +0 chain mail.
   743 | D:1      | 743 ||| DROPPING +0 scale mail.
   744 | D:1      | 744 ||| UPGRADING to ring of positive energy.
   745 | D:1      | 745 ||| READING scroll labelled MISEDAWOQA.
   746 | D:1      | 746 ||| READING scroll labelled DOYWNE DUJUE.
   747 | D:1      | 747 ||| READING scroll labelled LIAVVA LINIUWO.
   748 | D:1      | 748 ||| READING scroll labelled RUATAI WEFU.
   749 | D:1      | 749 ||| READING scroll labelled GOLAZO XOICSEM.
   961 | D:2      | Reached skill level 3 in Axes
   961 | D:2      | Reached XP level 3. HP: 23/23 MP: 3/3
   989 | D:2      | Identified the ring "Yfuosidek" {EV+5 Int+3}
  1278 | D:2      | 1278 ||| Stepping ~*~*~tactically~*~*~ (stealth).
  1330 | D:2      | 1330 ||| Stepping ~*~*~tactically~*~*~ (stealth).
  1333 | D:2      | 1333 ||| Stepping ~*~*~tactically~*~*~ (stealth).
  1334 | D:2      | 1334 ||| Stepping ~*~*~tactically~*~*~ (stealth).
  1335 | D:2      | 1335 ||| Stepping ~*~*~tactically~*~*~ (stealth).
  1337 | D:2      | 1337 ||| Stepping ~*~*~tactically~*~*~ (stealth).
  1338 | D:2      | 1338 ||| Stepping ~*~*~tactically~*~*~ (stealth).
  1340 | D:2      | 1340 ||| Stepping ~*~*~tactically~*~*~ (stealth).
  1341 | D:2      | 1341 ||| Stepping ~*~*~tactically~*~*~ (stealth).
  1393 | D:2      | Reached XP level 4. HP: 28/28 MP: 4/4
  1431 | D:2      | 1431 ||| Stepping ~*~*~tactically~*~*~ (stealth).
  1432 | D:2      | 1432 ||| Stepping ~*~*~tactically~*~*~ (stealth).
  1434 | D:2      | 1434 ||| Stepping ~*~*~tactically~*~*~ (stealth).
  1643 | D:2      | 1643 ||| UPGRADING to +0 pair of gloves.
  1648 | D:2      | 1648 ||| READING scroll of enchant armour.
  1648 | D:2      | 1648 ||| ENCHANTING +0 pair of gloves.
  1649 | D:2      | 1649 ||| UPGRADING to ring "Yfuosidek" {EV+5 Int+3}.
  1650 | D:2      | 1650 ||| READING scroll labelled NEYW SEZINGUGUOTH.
  1651 | D:2      | 1651 ||| READING 2 scrolls labelled NIT WEKKURO.
  1652 | D:2      | 1652 ||| READING scroll of enchant weapon.
  1652 | D:2      | 1652 ||| ENCHANTING +1 war axe.
  1653 | D:2      | 1653 ||| DRINKING 3 smoky green potions.
  1654 | D:2      | 1654 ||| DRINKING 2 cyan potions.
  1655 | D:2      | 1655 ||| DROPPING 2 potions of brilliance.
  1720 | D:3      | 1720 ||| Stepping ~*~*~tactically~*~*~ (stealth).
  1733 | D:3      | 1733 ||| Stepping ~*~*~tactically~*~*~ (hiding).
  1747 | D:3      | Reached skill level 4 in Axes
  1769 | D:3      | 1769 ||| DROPPING +0 flail.
  1770 | D:3      | 1770 ||| DROPPING +0 whip.
  1796 | D:3      | Noticed a scorpion
  1815 | D:3      | Killed a scorpion
  1816 | D:3      | Reached XP level 5. HP: 28/32 MP: 5/5
  1845 | D:3      | Noticed Terence
  1850 | D:3      | 1850 ||| Stepping ~*~*~tactically~*~*~ (stealth).
  1852 | D:3      | 1852 ||| Stepping ~*~*~tactically~*~*~ (stealth).
  1863 | D:3      | Killed Terence
  1864 | D:3      | Reached skill level 5 in Axes
  1906 | D:3      | 1906 ||| READING scroll labelled REB SO IPPEE.
  1918 | D:3      | Noticed Ijyb
  1922 | D:3      | Killed Ijyb
  1959 | D:3      | 1959 ||| Stepping ~*~*~tactically~*~*~ (stealth).
  2138 | D:3      | Reached XP level 6. HP: 27/38 MP: 6/6
  2224 | D:3      | Found a runed translucent door.
  2225 | D:3      | Noticed Crazy Yiuf
  2351 | D:3      | Found a faded altar of an unknown god.
  2471 | D:3      | 2471 ||| UPGRADING to +0 plate armour.
  2481 | D:3      | 2481 ||| DROPPING +0 chain mail.
  2482 | D:3      | 2482 ||| READING scroll labelled IFRUD JOSUIQO.
  2483 | D:3      | 2483 ||| DRINKING 2 inky potions.
  2484 | D:3      | 2484 ||| DRINKING potion of curing.
  2484 | D:3      | 2484 ||| (to cure confusion)
  2485 | D:3      | 2485 ||| DRINKING 2 coppery potions.
  2486 | D:3      | 2486 ||| DROPPING potion of ambrosia.
  2487 | D:3      | 2487 ||| DROPPING potion of flight.
  2575 | D:4      | 2575 ||| DROPPING +1 flail of venom.
  2751 | D:4      | 2751 ||| READING scroll of enchant armour.
  2751 | D:4      | 2751 ||| ENCHANTING +1 pair of gloves.
  2921 | D:4      | 2921 ||| READING 3 scrolls of identify.
  2921 | D:4      | 2921 ||| IDENTIFYING silvery potion
  2934 | D:4      | 2934 ||| READING 2 scrolls of identify.
  2934 | D:4      | 2934 ||| IDENTIFYING blue potion
  2935 | D:4      | 2935 ||| DROPPING potion of degeneration.
  3045 | D:4      | Noticed Eustachio
  3065 | D:4      | Killed Eustachio
  3066 | D:4      | Reached skill level 6 in Axes
  3066 | D:4      | Reached XP level 7. HP: 43/43 MP: 7/7
  3070 | D:4      | 3070 ||| DRINKING potion of curing.
  3070 | D:4      | 3070 ||| (to cure confusion)
  3133 | D:4      | 3133 ||| Stepping ~*~*~tactically~*~*~ (stealth).
  3212 | D:4      | 3212 ||| Stepping ~*~*~tactically~*~*~ (stealth).
  3213 | D:4      | 3213 ||| Stepping ~*~*~tactically~*~*~ (stealth).
  3214 | D:4      | 3214 ||| Stepping ~*~*~tactically~*~*~ (stealth).
  3216 | D:4      | 3216 ||| Stepping ~*~*~tactically~*~*~ (stealth).
  3217 | D:4      | 3217 ||| Stepping ~*~*~tactically~*~*~ (stealth).
  3474 | D:4      | 3474 ||| READING scroll labelled LOZ FAMACRO.
  3475 | D:4      | 3475 ||| DRINKING 2 green potions.
  3475 | D:4      | Gained mutation: You are partially covered in iridescent
                  | scales. (AC +2) [potion of mutation]
  3475 | D:4      | Gained mutation: You have large cloven feet. [potion of
                  | mutation]
  3475 | D:4      | Gained mutation: You are mostly covered in iridescent
                  | scales. (AC +4) [potion of mutation]
  3502 | D:5      | Entered Level 5 of the Dungeon
  3530 | D:5      | Found a staircase to the Ecumenical Temple.
  3531 | D:5      | 3531 ||| PLANNING TEMPLE
  3531 | D:5      | 3531 ||| READING 2 scrolls of identify.
  3531 | D:5      | 3531 ||| IDENTIFYING dark potion
  3540 | Temple   | Entered the Ecumenical Temple
  3603 | Temple   | 3603 ||| PLANNING OKAWARU WORSHIP
  3750 | Temple   | Became a worshipper of Warmaster Okawaru
  3750 | Temple   | 3750 ||| PLANNING D:1-11
  3847 | D:5      | Found a runed translucent door.
  3847 | D:5      | Noticed qw's ghost (amateur GrFi)
  3869 | D:5      | 3869 ||| READING scroll of enchant weapon.
  3869 | D:5      | 3869 ||| ENCHANTING +2 war axe.
  3928 | D:5      | 3928 ||| Stepping ~*~*~tactically~*~*~ (stealth).
  3934 | D:5      | Reached skill level 7 in Axes
  4055 | D:5      | Reached XP level 8. HP: 35/49 MP: 8/8
  4109 | D:5      | 4109 ||| READING scroll of enchant armour.
  4109 | D:5      | 4109 ||| ENCHANTING +0 plate armour.
  4198 | D:5      | Reached skill level 1 in Dodging
  4216 | D:5      | Found Omuhiog's General Store.
  4223 | D:5      | 4223 ||| BUYING potion of haste (140 gold).
  4223 | D:5      | Bought a potion of haste for 140 gold pieces
  4223 | D:5      | 4223 ||| BUYING scroll of identify (28 gold).
  4223 | D:5      | Bought a scroll of identify for 28 gold pieces
  4449 | D:5      | 4449 ||| READING 3 scrolls of identify.
  4449 | D:5      | 4449 ||| IDENTIFYING glowing golden potion
  4467 | D:6      | Found Tipluefo's Assorted Antiques.
  4474 | D:6      | 4474 ||| BUYING cloak (103 gold).
  4474 | D:6      | Bought a cloak for 103 gold pieces
  4474 | D:6      | 4474 ||| SHOPLISTING copper wand (92 gold, have 25).
  4474 | D:6      | 4474 ||| SHOPLISTING potion of heal wounds (115 gold, have
                  | 25).
  4474 | D:6      | 4474 ||| SHOPLISTING potion of mutation (184 gold, have
                  | 25).
  4474 | D:6      | 4474 ||| SHOPLISTING scroll of identify (46 gold, have 25).
  4474 | D:6      | 4474 ||| SHOPLISTING scroll of teleportation (69 gold, have
                  | 25).
  4541 | D:6      | Reached * piety under Okawaru
  4644 | D:6      | 4644 ||| Stepping ~*~*~tactically~*~*~ (stealth).
  4651 | D:6      | Reached skill level 8 in Axes
  4651 | D:6      | Reached skill level 1 in Invocations
  4683 | D:6      | Identified the +2 robe "Plog" {Contam rPois Dex+7 Slay-3}
  4706 | D:6      | 4706 ||| Stepping ~*~*~tactically~*~*~ (stealth).
  4726 | D:6      | Reached skill level 3 in Invocations
  4811 | D:6      | Found a basalt altar of Yredelemnul.
  4816 | D:6      | 4816 ||| READING scroll of enchant armour.
  4816 | D:6      | 4816 ||| ENCHANTING +1 plate armour.
  4875 | D:6      | 4875 ||| INVOKING Heroism.
  4882 | D:6      | Reached skill level 6 in Fighting
  4924 | D:6      | Reached ** piety under Okawaru
  4925 | D:6      | Reached XP level 9. HP: 55/55 MP: 11/11
  4981 | D:6      | 4981 ||| INVOKING Heroism.
  5191 | D:6      | 5191 ||| UPGRADING to +0 cloak.
  5232 | D:7      | 5232 ||| Stepping ~*~*~tactically~*~*~ (stealth).
  5243 | D:7      | 5243 ||| Stepping ~*~*~tactically~*~*~ (hiding).
  5244 | D:7      | 5244 ||| Stepping ~*~*~tactically~*~*~ (hiding).
  5274 | D:7      | Found a flagged portal.
  5319 | D:7      | 5319 ||| Stepping ~*~*~tactically~*~*~ (stealth).
  5324 | D:7      | 5324 ||| INVOKING Heroism.
  5326 | D:7      | 5326 ||| Stepping ~*~*~tactically~*~*~ (stealth).
  5343 | D:7      | 5343 ||| Stepping ~*~*~tactically~*~*~ (hiding).
  5351 | D:7      | 5351 ||| Stepping ~*~*~tactically~*~*~ (hiding).
  5374 | D:7      | Reached skill level 9 in Axes
  5428 | D:7      | 5428 ||| Stepping ~*~*~tactically~*~*~ (stealth).
  5542 | D:7      | Reached skill level 1 in Throwing
  5656 | D:7      | 5656 ||| READING scroll labelled TASIDY TONU.
  5657 | D:7      | 5657 ||| READING 8 scrolls of identify.
  5657 | D:7      | 5657 ||| IDENTIFYING glowing inky potion
  5785 | D:8      | 5785 ||| Stepping ~*~*~tactically~*~*~ (hiding).
  5872 | D:8      | 5872 ||| INVOKING Heroism.
  5893 | D:8      | 5893 ||| Stepping ~*~*~tactically~*~*~ (hiding).
  5894 | D:8      | 5894 ||| Stepping ~*~*~tactically~*~*~ (hiding).
  5920 | D:8      | Reached skill level 6 in Armour
  5972 | D:8      | 5972 ||| READING scroll of enchant armour.
  5972 | D:8      | 5972 ||| ENCHANTING +0 cloak.
  6023 | D:8      | 6023 ||| Stepping ~*~*~tactically~*~*~ (stealth).
  6048 | D:8      | Noticed a hornet
  6049 | D:8      | 6049 ||| Stepping ~*~*~tactically~*~*~ (stealth).
  6072 | D:8      | Killed a hornet
  6124 | D:8      | Found a broken altar of Ashenzari.
  6154 | D:8      | Reached *** piety under Okawaru
  6186 | D:8      | Noticed a +0 hand axe
  6186 | D:8      | Noticed a +0 hand axe
  6189 | D:8      | Found a hide-covered altar of Uskayaw.
  6233 | D:8      | Reached XP level 10. HP: 63/63 MP: 13/13
  6234 | D:8      | 6234 ||| Stepping ~*~*~tactically~*~*~ (stealth).
  6320 | D:8      | 6320 ||| Stepping ~*~*~tactically~*~*~ (stealth).
  6337 | D:8      | Reached skill level 10 in Axes
  6511 | D:8      | Found a hazy altar of Hepliaklqana.
  6626 | D:8      | 6626 ||| UPGRADING to +0 kite shield.
  6636 | D:8      | 6636 ||| DROPPING +0 buckler.
  6637 | D:8      | 6637 ||| READING scroll labelled FUD HEEPUIBAIB.
  6682 | D:9      | Found a sparkling altar of Nemelex Xobeh.
  6683 | D:9      | 6683 ||| INVOKING Heroism.
  6714 | D:9      | Noticed a boulder beetle
  6715 | D:9      | 6715 ||| INVOKING Heroism.
  6741 | D:9      | 6741 ||| INVOKING Heroism.
  6745 | D:9      | Killed a boulder beetle
  6746 | D:9      | Reached skill level 6 in Shields
  6900 | D:9      | Noticed Pikel
  6901 | D:9      | 6901 ||| Stepping ~*~*~tactically~*~*~ (stealth).
  6903 | D:9      | 6903 ||| Stepping ~*~*~tactically~*~*~ (stealth).
  6905 | D:9      | 6905 ||| Stepping ~*~*~tactically~*~*~ (stealth).
  6931 | D:9      | Killed Pikel
  6983 | D:9      | 6983 ||| INVOKING Heroism.
  6999 | D:9      | Reached **** piety under Okawaru
  7052 | D:9      | Noticed Grum
  7053 | D:9      | 7053 ||| Stepping ~*~*~tactically~*~*~ (hiding).
  7056 | D:9      | 7056 ||| INVOKING Heroism.
  7066 | D:9      | Killed Grum
  7132 | D:9      | 7132 ||| Stepping ~*~*~tactically~*~*~ (stealth).
  7139 | D:9      | 7139 ||| Stepping ~*~*~tactically~*~*~ (stealth).
  7161 | D:9      | 7161 ||| Stepping ~*~*~tactically~*~*~ (hiding).
  7165 | D:9      | 7165 ||| INVOKING Heroism.
  7197 | D:9      | Found a large runed translucent door.
  7198 | D:9      | Found a large runed translucent door.
  7253 | D:9      | Found a staircase to the Orcish Mines.
  7282 | D:9      | 7282 ||| Stepping ~*~*~tactically~*~*~ (hiding).
  7285 | D:9      | 7285 ||| INVOKING Heroism.
  7303 | D:9      | Reached skill level 9 in Shields
  7731 | D:9      | 7731 ||| READING 8 scrolls of identify.
  7731 | D:9      | 7731 ||| IDENTIFYING brown potion
  7768 | D:10     | Entered Level 10 of the Dungeon
  7783 | D:10     | 7783 ||| DROPPING +0 morningstar.
  7806 | D:10     | 7806 ||| Stepping ~*~*~tactically~*~*~ (hiding).
  7984 | D:10     | 7984 ||| INVOKING Heroism.
  8084 | D:10     | Found a staircase to the Lair.
  8122 | D:10     | Found Zusheuck's Distillery.
  8124 | D:10     | Found Qopif's General Store.
  8126 | D:10     | Found Fifroj's Distillery.
  8134 | D:10     | 8134 ||| BUYING potion of heal wounds (55 gold).
  8134 | D:10     | Bought a potion of heal wounds for 55 gold pieces
  8134 | D:10     | 8134 ||| BUYING potion of lignification (33 gold).
  8134 | D:10     | Bought a potion of lignification for 33 gold pieces
  8134 | D:10     | 8134 ||| BUYING potion of might (44 gold).
  8134 | D:10     | Bought a potion of might for 44 gold pieces
  8134 | D:10     | 8134 ||| SHOPLISTING potion of mutation (88 gold, have 64).
  8139 | D:10     | 8139 ||| BUYING scroll of identify (32 gold).
  8139 | D:10     | Bought a scroll of identify for 32 gold pieces
  8144 | D:10     | 8144 ||| SHOPLISTING potion of haste (120 gold, have 45).
  8144 | D:10     | 8144 ||| SHOPLISTING potion of might (48 gold, have 45).
  8144 | D:10     | 8144 ||| SHOPLISTING potion of resistance (120 gold, have
                  | 45).
  8242 | D:10     | 8242 ||| READING scroll of enchant weapon.
  8242 | D:10     | 8242 ||| ENCHANTING +3 war axe.
  8271 | D:10     | Reached XP level 11. HP: 63/68 MP: 14/14
  8302 | D:10     | 8302 ||| INVOKING Heroism.
  8310 | D:10     | Noticed a two-headed ogre
  8319 | D:10     | Killed a two-headed ogre
  8724 | D:10     | 8724 ||| INVOKING Heroism.
  8834 | D:10     | 8834 ||| INVOKING Heroism.
  8919 | D:10     | 8919 ||| PLANNING LAIR
  8919 | D:10     | 8919 ||| UPGRADING to amulet of reflection.
  8924 | D:10     | 8924 ||| READING scroll labelled DINLYI PINEY.
  8925 | D:10     | 8925 ||| READING 9 scrolls of identify.
  8925 | D:10     | 8925 ||| IDENTIFYING white potion
  8953 | Lair:1   | Entered Level 1 of the Lair of Beasts
  8961 | Lair:1   | 8961 ||| STAIRDANCE
  9041 | Lair:1   | 9041 ||| Stepping ~*~*~tactically~*~*~ (stealth).
  9042 | Lair:1   | 9042 ||| INVOKING Heroism.
  9060 | Lair:1   | Reached skill level 6 in Invocations
  9078 | Lair:1   | 9078 ||| Stepping ~*~*~tactically~*~*~ (stealth).
  9081 | Lair:1   | 9081 ||| INVOKING Heroism.
  9190 | Lair:1   | Noticed a skyshark
  9191 | Lair:1   | 9191 ||| INVOKING Heroism.
  9201 | Lair:1   | Killed a skyshark
  9301 | Lair:1   | 9301 ||| INVOKING Heroism.
  9312 | Lair:1   | Reached skill level 3 in Throwing
  9414 | Lair:1   | 9414 ||| Stepping ~*~*~tactically~*~*~ (stealth).
  9454 | Lair:1   | 9454 ||| Stepping ~*~*~tactically~*~*~ (stealth).
  9483 | Lair:1   | 9483 ||| Stepping ~*~*~tactically~*~*~ (stealth).
  9486 | Lair:1   | 9486 ||| Stepping ~*~*~tactically~*~*~ (stealth).
  9551 | Lair:1   | Noticed a death yak
  9551 | Lair:1   | Noticed a death yak
  9551 | Lair:1   | Noticed a death yak
  9551 | Lair:1   | Noticed a death yak
  9552 | Lair:1   | 9552 ||| Stepping ~*~*~tactically~*~*~ (stealth).
  9554 | Lair:1   | 9554 ||| INVOKING Heroism.
  9556 | Lair:1   | Noticed a death yak
  9558 | Lair:1   | Noticed a death yak
  9561 | Lair:1   | Killed a death yak
  9562 | Lair:1   | Reached skill level 11 in Axes
  9569 | Lair:1   | Killed a death yak
  9584 | Lair:1   | Killed a death yak
  9585 | Lair:1   | Reached XP level 12. HP: 34/73 MP: 18/18
  9588 | Lair:1   | Killed a death yak
  9588 | Lair:1   | Reached ***** piety under Okawaru
  9589 | Lair:1   | 9589 ||| INVOKING Finesse.
  9592 | Lair:1   | Killed a death yak
  9593 | Lair:1   | Reached skill level 9 in Invocations
  9597 | Lair:1   | 9597 ||| INVOKING Heroism.
  9610 | Lair:1   | Killed a death yak
  9781 | Lair:1   | 9781 ||| READING scroll of enchant armour.
  9781 | Lair:1   | 9781 ||| ENCHANTING +1 cloak.
 10109 | Lair:1   | 10109 ||| READING 8 scrolls of identify.
 10109 | Lair:1   | 10109 ||| IDENTIFYING viscous pink potion
 10110 | Lair:1   | 10110 ||| DROPPING potion of berserk rage.
 10201 | Lair:2   | Noticed Amaemon
 10202 | Lair:2   | 10202 ||| INVOKING Heroism.
 10204 | Lair:2   | Noticed Erica
 10205 | Lair:2   | 10205 ||| INVOKING Finesse.
 10218 | Lair:2   | Killed Amaemon
 10250 | Lair:2   | HP: 17/75 [something (5)]
 10253 | Lair:2   | Killed Erica
 10254 | Lair:2   | Reached skill level 9 in Fighting
 10424 | Lair:2   | 10424 ||| DROPPING +1 morningstar of flaming.
 10523 | Lair:2   | 10523 ||| INVOKING Heroism.
 10561 | Lair:2   | 10561 ||| READING scroll of enchant armour.
 10561 | Lair:2   | 10561 ||| ENCHANTING +2 plate armour.
 10593 | Lair:2   | 10593 ||| Stepping ~*~*~tactically~*~*~ (hiding).
 10596 | Lair:2   | 10596 ||| Stepping ~*~*~tactically~*~*~ (hiding).
 10597 | Lair:2   | 10597 ||| Stepping ~*~*~tactically~*~*~ (hiding).
 10606 | Lair:2   | 10606 ||| INVOKING Heroism.
 10611 | Lair:2   | Found a frozen archway.
 10743 | Lair:2   | Noticed a death yak
 10744 | Lair:2   | 10744 ||| INVOKING Heroism.
 10747 | Lair:2   | Noticed a death yak
 10748 | Lair:2   | 10748 ||| Stepping ~*~*~tactically~*~*~ (stealth).
 10750 | Lair:2   | Noticed a death yak
 10752 | Lair:2   | Noticed a death yak
 10756 | Lair:2   | Noticed a death yak
 10757 | Lair:2   | Killed a death yak
 10757 | Lair:2   | Noticed a death yak
 10758 | Lair:2   | 10758 ||| INVOKING Finesse.
 10767 | Lair:2   | Killed a death yak
 10773 | Lair:2   | Killed a death yak
 10783 | Lair:2   | Killed a death yak
 10784 | Lair:2   | Reached skill level 12 in Axes
 10791 | Lair:2   | Killed a death yak
 10798 | Lair:2   | Killed a death yak
 10950 | Lair:2   | Found a hole to the Spider Nest.
 11282 | Lair:3   | 11282 ||| STAIRDANCE
 11285 | Lair:2   | 11285 ||| INVOKING Heroism.
 11287 | Lair:2   | HP: 19/76 [cane toad (16)]
 11288 | Lair:2   | 11288 ||| READING 6 scrolls of teleportation.
 11290 | Lair:2   | Reached XP level 13. HP: 16/80 MP: 17/20
 11290 | Lair:2   | 11290 ||| DRINKING 9 potions of heal wounds.
 11631 | Lair:3   | Reached skill level 9 in Armour
 11717 | Lair:3   | Received a gift from Okawaru
 11902 | Lair:3   | 11902 ||| INVOKING Heroism.
 11939 | Lair:3   | 11939 ||| INVOKING Heroism.
 11940 | Lair:3   | 11940 ||| INVOKING Finesse.
 12272 | Lair:3   | Found a staircase to the Shoals.
 12351 | Lair:3   | 12351 ||| READING 9 scrolls of identify.
 12351 | Lair:3   | 12351 ||| IDENTIFYING bubbling yellow potion
 12405 | Lair:4   | 12405 ||| INVOKING Heroism.
 12406 | Lair:4   | 12406 ||| INVOKING Finesse.
 12413 | Lair:4   | 12413 ||| SWAPPING to -1 demon whip of venom.
 12418 | Lair:4   | 12418 ||| SWAPPING to +4 war axe.
 12540 | Lair:4   | 12540 ||| INVOKING Heroism.
 12546 | Lair:4   | Noticed Josephine
 12552 | Lair:4   | Reached skill level 13 in Axes
 12561 | Lair:4   | Identified the +2 pair of boots of the Aged Servitors
                  | {rElec} (Okawaru gifted it to you on level 4 of the Lair of
                  | Beasts)
 12561 | Lair:4   | Received a gift from Okawaru
 12565 | Lair:4   | Killed Josephine
 12620 | Lair:4   | 12620 ||| INVOKING Heroism.
 12627 | Lair:4   | 12627 ||| Stepping ~*~*~tactically~*~*~ (stealth).
 12636 | Lair:4   | 12636 ||| Stepping ~*~*~tactically~*~*~ (stealth).
 12660 | Lair:4   | 12660 ||| Stepping ~*~*~tactically~*~*~ (stealth).
 12671 | Lair:4   | 12671 ||| INVOKING Heroism.
 12706 | Lair:4   | 12706 ||| Stepping ~*~*~tactically~*~*~ (stealth).
 12707 | Lair:4   | 12707 ||| Stepping ~*~*~tactically~*~*~ (stealth).
 12769 | Lair:4   | 12769 ||| READING scroll of enchant weapon.
 12769 | Lair:4   | 12769 ||| ENCHANTING +4 war axe.
 12794 | Lair:4   | Reached skill level 14 in Axes
 12832 | Lair:4   | 12832 ||| INVOKING Heroism.
 12833 | Lair:4   | 12833 ||| INVOKING Finesse.
 12847 | Lair:4   | 12847 ||| SWAPPING to -1 demon whip of venom.
 12857 | Lair:4   | 12857 ||| SWAPPING to +5 war axe.
 13194 | Lair:4   | 13194 ||| INVOKING Heroism.
 13303 | Lair:4   | 13303 ||| Stepping ~*~*~tactically~*~*~ (stealth).
 13305 | Lair:4   | 13305 ||| Stepping ~*~*~tactically~*~*~ (stealth).
 13307 | Lair:4   | 13307 ||| INVOKING Heroism.
 13392 | Lair:4   | 13392 ||| UPGRADING to +2 pair of boots of the Aged
                  | Servitors {rElec}.
 13397 | Lair:4   | 13397 ||| READING scroll labelled ERRUIV WICVESH.
 13415 | Lair:5   | Entered Level 5 of the Lair of Beasts
 13424 | Lair:5   | 13424 ||| Stepping ~*~*~tactically~*~*~ (stealth).
 13428 | Lair:5   | 13428 ||| INVOKING Heroism.
 13440 | Lair:5   | Gained mutation: Your large and strong wings let you fly.
                  | [Gargoyle growth]
 13440 | Lair:5   | Reached XP level 14. HP: 69/88 MP: 19/21
 13472 | Lair:5   | 13472 ||| INVOKING Heroism.
 13694 | Lair:5   | 13694 ||| INVOKING Heroism.
 13700 | Lair:5   | 13700 ||| SWAPPING to -1 demon whip of venom.
 13714 | Lair:5   | 13714 ||| SWAPPING to +5 war axe.
 13819 | Lair:5   | 13819 ||| INVOKING Heroism.
 13823 | Lair:5   | 13823 ||| SWAPPING to -1 demon whip of venom.
 13835 | Lair:5   | 13835 ||| SWAPPING to +5 war axe.
 13917 | Lair:5   | 13917 ||| INVOKING Heroism.
 13933 | Lair:5   | Reached skill level 12 in Shields
 13975 | Lair:5   | 13975 ||| Stepping ~*~*~tactically~*~*~ (stealth).
 13978 | Lair:5   | 13978 ||| Stepping ~*~*~tactically~*~*~ (hiding).
 14000 | Lair:5   | 14000 ||| INVOKING Heroism.
 14016 | Lair:5   | 14016 ||| Stepping ~*~*~tactically~*~*~ (hiding).
 14017 | Lair:5   | 14017 ||| Stepping ~*~*~tactically~*~*~ (hiding).
 14018 | Lair:5   | 14018 ||| Stepping ~*~*~tactically~*~*~ (hiding).
 14090 | Lair:5   | 14090 ||| Stepping ~*~*~tactically~*~*~ (hiding).
 14135 | Lair:5   | 14135 ||| Stepping ~*~*~tactically~*~*~ (stealth).
 14139 | Lair:5   | Received a gift from Okawaru
 14159 | Lair:5   | 14159 ||| INVOKING Heroism.
 14173 | Lair:5   | HP: 21/90 [snapping turtle (8)]
 14174 | Lair:5   | 14174 ||| READING 7 scrolls of teleportation.
 14175 | Lair:5   | 14175 ||| DRINKING 9 potions of heal wounds.
 14513 | Lair:5   | Found a viscous altar of Jiyva.
 14514 | Lair:5   | 14514 ||| Stepping ~*~*~tactically~*~*~ (hiding).
 14518 | Lair:5   | 14518 ||| INVOKING Heroism.
 14522 | Lair:5   | Found a staircase to the Slime Pits.
 14530 | Lair:5   | 14530 ||| DRINKING 2 potions of cancellation.
 14541 | Lair:5   | 14541 ||| INVOKING Heroism.
 14542 | Lair:5   | 14542 ||| DRINKING potion of cancellation.
 14549 | Lair:5   | 14549 ||| READING 6 scrolls of teleportation.
 14797 | Lair:5   | 14797 ||| INVOKING Heroism.
 14804 | Lair:5   | 14804 ||| READING 5 scrolls of teleportation.
 14805 | Lair:5   | HP: 14/90 [oklob plant/splash of acid (27)]
 14805 | Lair:5   | HP: 4/90 [oklob plant/splash of acid (10)]
 14806 | Lair:5   | 14806 ||| DRINKING 8 potions of heal wounds.
 14818 | Lair:5   | 14818 ||| READING 4 scrolls of teleportation.
 14819 | Lair:5   | 14819 ||| INVOKING Heroism.
 14822 | Lair:5   | 14822 ||| READING 3 scrolls of teleportation.
 14988 | Lair:5   | 14988 ||| INVOKING Heroism.
 14993 | Lair:5   | HP: 17/90 [oklob plant/splash of acid (20)]
 14994 | Lair:5   | 14994 ||| READING 2 scrolls of teleportation.
 14994 | Lair:5   | Killed from afar by an oklob plant

Levels and vault maps discovered:
D:1:      ncdulo_smallfort, layout_loops_ring, st_stairs_12
D:2:      layout_basic, minmay_misc_feat_alley
D:3:      kennysheep_goblin_castle, layout_rooms,
          chequers_ecumenical_altar_simple, nrook_campfire, grunt_ministairs_1,
          dk_vineyard_1, uniq_crazy_yiuf_cottage, uniq_terence
D:4:      layout_basic, minmay_goblin_outpost, uniq_eustachio
D:5:      layout_basic, minmay_temple_entry_glass, serial_shops,
          nicolae_shop_temple_entry_statues_fountains, gammafunk_ghost_grave,
          dreamdust_gnoll_farm
D:6:      layout_loops_ring, lemuel_crystal_altar, serial_shops, shop
D:7:      layout_basic, enter_bailey_2, hangedman_abyss_or_decor_stabs,
          chequers_serial_rivers_small_a, kennysheep_generic_room_9
D:8:      layout_loops_ring, kennysheep_mini, dancing_weapons_uskayaw,
          ashenzari_altar_1
D:9:      layout_roguey, jmf_multi_god_temple2,
          nemelex_xobeh_ov_fountains_minmay, orc_0_dummy, bh_circular_ruins,
          uniq_grum, uniq_pikel
D:10:     layout_loops_corners, erik_lair_orcish_takeover, serial_bayou,
          serial_bayou_pond_d, serial_bayou_ford_a, serial_bayou_crossing,
          serial_bayou_pond_e, nicolae_wooded_promenade, uniq_psyche
Temple:   regret_index_temple_generic_petals
Lair:1:   layout_chaotic_city, roderic_batcave, grunt_megastairs_1,
          serial_bayou_shore_b
Lair:2:   layout_hall_layers, spider_nest_entry_a, portal_ice_cave_entry_imps,
          lemuel_fruit_tree, serial_bayou_shore_b, serial_bayou_shore_b,
          serial_bayou_shore_b, grunt_megastairs_2, serial_bayou_shore_b,
          uniq_amaemon, uniq_erica
Lair:3:   layout_big_grid, minmay_shoals_entry_hut, patterned_corridor
Lair:4:   layout_cave_shapes, chequers_serial_rivers_room_a,
          chequers_serial_rivers_small_a, serial_bayou_shore_b,
          grunt_megastairs_4, uniq_josephine
Lair:5:   gammafunk_lair_ancient_temple, layout_long_grid,
          minmay_slime_entry_oklob_enclosed, chequers_serial_rivers_micro_b

Skill      XL: |  1  2  3  4  5  6  7  8  9 10 11 12 13 14 |
---------------+-------------------------------------------+-----
Axes           | 2 3 4 5 6 7 8 9 10 11 12 14 | 14.8
Fighting       | 4 5 6 7 8 9 10 11 | 11.0
Armour         | 4 5 6 7 8 9 10 | 10.0
Dodging        | 1 2 |  2.1
Invocations    | 3 4 8 10 | 10.0
Throwing       | 1 3 |  3.7
Shields        | 4 9 10 11 12 | 12.0

Action                     |  1- 3 |  4- 6 |  7- 9 | 10-12 | 13-15 || total
---------------------------+-------+-------+-------+-------+-------++-------
  Melee: War axe           |   107 |   178 |   301 |   507 |   476 ||  1569
         Kick              |       |       |    63 |   142 |    99 ||   304
         Demon whip        |       |       |       |       |    37 ||    37
  Throw: Boomerang         |       |       |    16 |    46 |    95 ||   157
         Javelin           |       |       |       |    26 |    19 ||    45
 Invoke: Heroism           |       |       |     4 |    22 |    21 ||    47
         Finesse           |       |       |       |     3 |     3 ||     6
    Use: Scroll            |     5 |     9 |     9 |     9 |     9 ||    41
         Potion            |       |     5 |     2 |       |     5 ||    12
 Armour: Scale mail        |    32 |       |       |       |       ||    32
         Chain mail        |    29 |    42 |       |       |       ||    71
         Plate armour      |       |    32 |   175 |   205 |   236 ||   648
  Dodge: Dodged            |    53 |    84 |   151 |   156 |   185 ||   629
  Block: Buckler           |    24 |    29 |    60 |     2 |       ||   115
         Kite shield       |       |       |       |   253 |   410 ||   663
         Reflection        |       |       |       |     4 |     5 ||     9

Table legend:
 A = Non-vault XP
 B = Vault XP
 C = Vault XP percentage of total XP
 D = Non-vault monster count
 E = Vault monster count
 F = Vault count percentage of total count
                 A         B        C        D         E       F
            +---------+---------+-------+---------+---------+-------
      Total |   55456 |   16647 |  23.1 |     314 |     106 |  25.2
            +---------+---------+-------+---------+---------+-------
        D:1 |      21 |       2 |   8.7 |      14 |       1 |   6.7
        D:2 |      63 |       0 |   0.0 |      18 |       0 |   0.0
        D:3 |     138 |      97 |  41.3 |      16 |      15 |  48.4
        D:4 |     348 |     211 |  37.7 |      26 |       8 |  23.5
        D:5 |     370 |     142 |  27.7 |      10 |       6 |  37.5
        D:6 |    1110 |       0 |   0.0 |      18 |       0 |   0.0
        D:7 |     543 |     214 |  28.3 |      12 |       1 |   7.7
        D:8 |    1958 |       0 |   0.0 |      30 |       0 |   0.0
        D:9 |    2077 |    1169 |  36.0 |      18 |       7 |  28.0
       D:10 |    2668 |     625 |  19.0 |      23 |       8 |  25.8
     Lair:1 |    8771 |     950 |   9.8 |      20 |      14 |  41.2
     Lair:2 |    7969 |    2816 |  26.1 |      21 |      18 |  46.2
     Lair:3 |    8469 |     256 |   2.9 |      25 |       1 |   3.8
     Lair:4 |   10662 |    2036 |  16.0 |      30 |       6 |  16.7
     Lair:5 |   10289 |    8129 |  44.1 |      33 |      21 |  38.9
            +---------+---------+-------+---------+---------+-------
